 Dungeon Crawl Stone Soup version 0.29.0-11-gd7f09526c8 (webtiles) character file.

Game seed: 8060452026620423772

32 Lekart the Trooper (level 3, -5/33 HPs)
             Began as a Draconian Chaos Knight on Sept 2, 2022.
             Was a Plaything of Xom.
             Slain by Natasha (8 damage)
             ... on level 2 of the Dungeon.
             The game lasted 00:03:09 (2111 turns).

Lekart the Trooper (Draconian Chaos Knight)         Turns: 2111, Time: 00:03:10

Health: -5/33      AC:  6    Str: 16      XL:     3   Next: 10%
Magic:  3/3        EV: 12    Int: 11 (12) God:    Xom [.*....]
Gold:   87         SH:  0    Dex: 10      Spells: 2/2 levels left

rFire   . . .      SeeInvis .   a - +0 falchion (chaos)
rCold   . . .      Faith    .   (no shield)
rNeg    . . .      Spirit   .   (body armour unavailable)
rPois   .          Reflect  .   (helmet restricted)
rElec   .          Harm     .   j - +0 cloak
rCorr   .          Rampage  .   (no gloves)
Will    .....                   (no boots)
Stlth   +.........              (no amulet)
HPRegen 0.11/turn               f - ring of flight
MPRegen 0.08/turn               (no ring)

@: flying
A: AC +5, unfitting armour, cold-blooded, fangs 1, hooves 1, screaming 1,
evolution 1, subdued magic 1
a: Renounce Religion


You were on level 2 of the Dungeon.
You worshipped Xom.
You were a plaything of Xom.
You visited 1 branch of the dungeon, and saw 2 of its levels.

You collected 87 gold pieces.

Inventory:

Hand Weapons
 a - a +0 falchion of chaos (weapon)
Armour
 j - a +0 cloak (worn)
Jewellery
 f - a ring of flight (left hand)
Wands
 m - a wand of charming (3)
Scrolls
 g - a scroll of summoning {unknown}
 k - a scroll of teleportation
 l - a scroll of butterflies {unknown}
Potions
 c - a potion of heal wounds
 e - 2 potions of haste
 i - a potion of curing {unknown}
 n - a potion of magic {unknown}
 o - a potion of degeneration {unknown}
Miscellaneous
 b - a piece from Xom's chessboard (15/15) (quivered)
 d - a condenser vane


   Skills:
 + Level 3.9 Fighting
 + Level 3.6 Long Blades
 + Level 2.3 Dodging


You had 2 spell levels left.
You didn't know any spells.
Your spell library contained the following spells:

 Spells                   Type           Power      Damage    Failure   Level
 Sublimation of Blood     Necr           0%         N/A       43%         2
 Gell's Gravitas          Tloc           0%         N/A       67%         3
 Lesser Beckoning         Tloc           0%         N/A       67%         3
 Teleport Other           Tloc           0%         N/A       67%         3
 Petrify                  Tmut/Erth      0%         N/A       97%         4
 Irradiate                Conj/Tmut      0%         3d11      100%        5


Dungeon Overview and Level Annotations

Branches:
Dungeon (2/15)

Altars:

Shops:
D:2 (?

Annotations:
D:2 Natasha


Innate Abilities, Weirdness & Mutations

Your plain brown scales are hard. (AC +5)
You cannot fit into any form of body armour.
You are cold-blooded and may be slowed by cold attacks.
You have very sharp teeth.
You have large cloven feet.
You occasionally shout uncontrollably at your foes.
You have hidden genetic potential.
Your spells are a little easier to cast, but a little less powerful.


Message History

Natasha closely misses you.
You hit Natasha.
Natasha is heavily wounded.
Natasha barely misses you. The white imp closely misses you.
You barely miss Natasha. Your kick misses Natasha.
Natasha is heavily wounded.
Natasha casts a spell at you.
The magic dart hits you but does no damage.
The iron imp closely misses you. The white imp hits you.
The white imp freezes you.
You hit Natasha. You bite Natasha, but do no damage.
Natasha is severely wounded.
Natasha claws you!
The white imp hits you but does no damage.
The iron imp misses you.
You miss Natasha.
Natasha is severely wounded.
Natasha mewls in sadness.
Natasha stares at you and mumbles some strange words.
The magic dart hits you! The white imp gestures at you.
The puff of frost misses you.
The iron imp shouts, "Return whence thou came, thou ducking sow-suckled simpleton!"
The iron imp closely misses you. Natasha closely misses you.
You hit Natasha.
Your tail-slap misses Natasha.
Natasha is almost dead.
The white imp gestures at you. The puff of frost hits you.
* * * LOW HITPOINT WARNING * * *
Natasha misses you. The iron imp barely misses you.
Unknown command.
You barely miss Natasha. You kick Natasha, but do no damage.
Natasha is almost dead.
The white imp hits you.
* * * LOW HITPOINT WARNING * * *
The white imp freezes you.
* * * LOW HITPOINT WARNING * * *
Natasha claws you!
You die...
Xom thinks this is hilarious!

.....######.###.........### ##.#
..##.# #.# #########...# #.#.
#.##.# #.# ###.# ##.. #.##.#
##+## #.# ##. .....# ##...## #.#
#. #.#..# ##.....## ### #.# #.
#.#..###.......######.###.## #.
.....##........5##.........#####.
......'........h@................
)...###........5##.#...##..#####.
#.#.# ##.......###.##.###..# #.
###.# ##.....## #.###.....# #.
###.# ##...## #.# #.###.# #.
....# ##'## #.# #.# #.# #. .####
####.######.###.###.# ## .#
#........##......†..# # .#####
#.##.###.######.##### #


You could see an iron imp (summoned), Natasha and a white imp (summoned).

Vanquished Creatures
  2 dart slugs (D:2)
  A bat (D:1)
  2 endoplasms
  3 goblins
  3 hobgoblins
  2 jackals (D:2)
  2 kobolds (D:2)
  9 ball pythons
  A rat (D:1)
25 creatures vanquished.

Notes
Turn   | Place    | Note
-------+----------+-------------------------------------------
     0 | D:1      | Lekart the Draconian Chaos Knight began the quest for the
                  | Orb.
     0 | D:1      | Reached XP level 1. HP: 19/19 MP: 1/1
   160 | D:1      | XOM: noise
   163 | D:1      | Gained mutation: You have hidden genetic potential. [potion
                  | of mutation]
   163 | D:1      | Gained mutation: You have large cloven feet. [potion of
                  | mutation]
   163 | D:1      | Gained mutation: Your spells are a little easier to cast,
                  | but a little less powerful. [potion of mutation]
   254 | D:1      | XOM: swap monsters
   281 | D:1      | Reached XP level 2. HP: 26/26 MP: 2/2
   301 | D:1      | XOM: 1-stop teleportation journey
   328 | D:1      | XOM: confuse monster(s)
   896 | D:2      | Found Ydezainn's Magic Scroll Emporium.
   911 | D:2      | Noticed Natasha
   913 | D:2      | Noticed a crimson imp
   915 | D:2      | XOM: enchant monster (bad)
   922 | D:2      | Noticed a crimson imp
   925 | D:2      | HP: 1/27 [something (8)]
   925 | D:2      | XOM: butterfly on damage
  1162 | D:2      | XOM: 2-stop teleportation journey
  1324 | D:2      | XOM: god gift: condenser vane
  1327 | D:2      | XOM: cast spell 'Death Channel'
  1564 | D:2      | Found Doomurua's Weapon Boutique.
  1644 | D:2      | Reached XP level 3. HP: 29/33 MP: 3/3
  1743 | D:2      | XOM is BORED!
  1743 | D:2      | XOM: stat loss: -1 Int (11/12)
  1958 | D:2      | XOM: give mutations
  1958 | D:2      | Gained mutation: You have very sharp teeth. [Xom's
                  | mischief]
  1958 | D:2      | Gained mutation: You occasionally shout uncontrollably at
                  | your foes. [Xom's mischief]
  2111 | D:2      | Slain by Natasha

Illustrated notes

Levels and vault maps discovered:
D:1:      evilmike_arrival_plus, layout_basic, nrook_mini_vaults
D:2:      layout_loops_corners, serial_shops, nicolae_shop_bloodbath_and_beyond,
          shop, uniq_natasha

Action                   || total
-------------------------++-------
Melee: Falchion          ||    77
       Kick              ||    10
       Tailslap          ||     9
       Punch             ||     1
       Bite              ||     1
  Use: Scroll            ||     5
       Potion            ||     1
Armor: Skin              ||    25
Dodge: Dodged            ||    57
